 Dungeon Crawl Stone Soup version 0.31-a0-532-g28f74ba3e5 (webtiles) character file.

Game seed: 13600751615027141862

1101 pokeman the Thaumaturge (level 8, -1/44 HPs)
             Began as a Deep Elf Hedge Wizard on Aug 12, 2023.
             Slain by a white imp (3 damage)
             ... on level 5 of the Dungeon.
             The game lasted 00:09:45 (5530 turns).

pokeman the Thaumaturge (Deep Elf Hedge Wizard)     Turns: 5530, Time: 00:09:46

Health: -1/44      AC:  4    Str:  7    XL:     8   Next: 10%
Magic:  4/23       EV: 13    Int: 22    God:
Gold:   245        SH:  0    Dex: 14    Spells: 17/25 levels left

rFire   . . .        v - +0 dagger (venom)
rCold   . . .        (no shield)
rNeg    . . .        b - +0 robe
rPois   .            c - +0 hat
rElec   .            h - +0 cloak
rCorr   .            n - +0 pair of gloves
SInv    .            (no boots)
Will    +....        (no amulet)
Stlth   ++           p - +4 ring of slaying
HPRegen 0.27/turn    u - ring of willpower
MPRegen 0.18/turn

%: no passive effects
@: lethally poisoned (-1 -> -5), on blink cooldown
A: no striking features
a: no special abilities


You were on level 5 of the Dungeon.
You visited 1 branch of the dungeon, and saw 5 of its levels.

You collected 245 gold pieces.

Inventory:

Hand Weapons
 q - a +1 dagger of electrocution
 v - a +0 dagger of venom (weapon)
 z - a +1 flail of pain
Armour
 b - a +0 robe (worn)
 c - a +0 hat (worn)
 h - a +0 cloak (worn)
 n - a +0 pair of gloves (worn)
Jewellery
 p - a +4 ring of slaying (left hand)
 u - a ring of willpower (right hand)
Wands
 l - a wand of polymorph (8)
 t - a wand of flame (48)
Scrolls
 a - 2 scrolls of enchant armour {unknown}
 g - 2 scrolls of amnesia {unknown}
 k - a scroll of teleportation {unknown}
 o - a scroll of fog {unknown}
 r - a scroll of acquirement {unknown}
 s - a scroll of enchant weapon {unknown}
 y - a scroll of identify {unknown}
Potions
 d - a potion of magic
 e - 4 potions of curing
 f - a potion of might {unknown}
 i - a potion of heal wounds {unknown}
 j - 2 potions of brilliance {unknown}
 m - a potion of enlightenment {unknown}
 w - 2 potions of attraction {unknown}
 x - a potion of mutation {unknown}


   Skills:
 - Level 2.0 Fighting
 + Level 1.7 Armour
 - Level 3.0 Dodging
 - Level 3.0 Stealth
 * Level 9.1 Spellcasting
 + Level 4.7 Conjurations
 - Level 1.1 Summonings
 + Level 2.0 Necromancy
 - Level 1.1 Translocations
 - Level 2.0 Air Magic
 - Level 1.0 Poison Magic
 - Level 2.0 Evocations


You had 17 spell levels left.
You knew the following spells:

 Your Spells              Type           Power      Damage    Failure   Level
a - Magic Dart            Conj           100%       1d8       1%          1
b - Mephitic Cloud        Conj/Pois/Air  21%        N/A       7%          3
c - Call Imp              Summ           28%        N/A       6%          2
d - Blink                 Tloc           28%        N/A       6%          2

Your spell library contained the following spells:

 Spells                   Type           Power      Damage    Failure   Level
 Cigotuvi's Dreadful Rot  Necr/Pois/Air  34%        N/A       4%          2
 Slow                     Hex            40%        N/A       7%          1


Dungeon Overview and Level Annotations

Branches:
Dungeon (5/15)
 Temple: D:4-7

Altars:
Fedhas
Yredelemnul


Message History

The water moccasin bites your cerulean imp.
Your cerulean imp is poisoned.
The water moccasin poisons your cerulean imp!
Your cerulean imp barely misses the water moccasin.
The water moccasin bites your cerulean imp!
Your cerulean imp looks as sick as possible!
The water moccasin poisons your cerulean imp!
There is an open door here.
You close the door.
You open the door. The water moccasin bites you.
You are poisoned.
The water moccasin poisons you!
You feel very sick. The water moccasin bites you.
* * * LOW HITPOINT WARNING * * *
There is an open door here.
Casting: Call Imp (safe; 6% risk of failure)
Confirm with . or Enter, or press ? or * to list all spells.
A tiny devil pulls itself out of the air.
* * * LOW HITPOINT WARNING * * *
You feel very sick.
The water moccasin bites you but does no damage.
Unknown command.
Casting: Call Imp (safe; 6% risk of failure)
Confirm with . or Enter, or press ? or * to list all spells.
You blink.
A white imp comes into view.
The white imp shouts!
* * * LOW HITPOINT WARNING * * *
You feel sick.
Your cerulean imp barely misses the water moccasin.
* * * LOW HITPOINT WARNING * * *
You feel sick.
Your cerulean imp hits the water moccasin but does no damage.
You hit the white imp but do no damage.
* * * LOW HITPOINT WARNING * * *
You feel sick. The white imp hits you.
* * * LOW HITPOINT WARNING * * *
The white imp freezes you.
You die...

# #.....#...........# #.#.
#..###.....#.####'#.####
#.#. #...'.....+...##.#.#
#.#. ##.##.....#.#.##.#.#
#...
#........#.#§##.#.######..#
#.#...5....#S##.#..........
# ###...S..#.##.#....†....<
#......#O##.#..........
##....@#.# #..........
#....5#.# .........
####....# ......... ##...#
......... #.... ........
#.#... #.#.... #.#.#...
#.#.#..


You could see a water moccasin (ally target), a white imp and a friendly
cerulean imp (summoned).

Vanquished Creatures
  Edmund (D:5)
  Duvessa (D:4)
  2 ogres
  A scorpion (D:5)
  Dowan (D:4)
  2 hounds
  A gnoll bouda (D:4)
  A jelly (D:3)
  2 orc priests
  Ijyb (D:3)
  2 orc wizards
  9 gnolls
  5 adders
  An ufetubus (D:4)
  4 worms (D:2)
  2 dart slugs
  15 orcs
  5 ball pythons
  7 endoplasms
  2 giant cockroaches
  6 goblins
  3 hobgoblins
  10 jackals
  7 kobolds
  8 quokkas
  8 bats
  2 frilled lizards (D:1)
  7 rats
116 creatures vanquished.

Vanquished Creatures (collateral kills)
  An ice beast (D:3)
  2 orcs (D:3)
3 creatures vanquished.

Grand Total: 119 creatures vanquished

Notes
Turn   | Place    | Note
-------+----------+-------------------------------------------
     0 | D:1      | pokeman the Deep Elf Hedge Wizard began the quest for the
                  | Orb.
     0 | D:1      | Reached XP level 1. HP: 10/10 MP: 7/7
   231 | D:1      | Reached XP level 2. HP: 16/16 MP: 7/9
   701 | D:1      | Reached skill level 5 in Spellcasting
   840 | D:1      | Reached XP level 3. HP: 20/20 MP: 4/11
   844 | D:1      | Learned a level 3 spell: Mephitic Cloud
   847 | D:1      | Learned a level 2 spell: Call Imp
   850 | D:1      | Learned a level 2 spell: Blink
  1246 | D:2      | Reached skill level 1 in Armour
  1353 | D:2      | Found a basalt altar of Yredelemnul.
  1415 | D:2      | Reached skill level 1 in Fighting
  1567 | D:2      | Reached XP level 4. HP: 25/25 MP: 8/13
  2657 | D:3      | Reached XP level 5. HP: 29/29 MP: 11/15
  2778 | D:3      | Reached skill level 6 in Spellcasting
  3021 | D:3      | Noticed an ice beast
  3653 | D:3      | Reached skill level 1 in Poison Magic
  3978 | D:3      | Killed an ice beast
  3979 | D:3      | Reached skill level 1 in Air Magic
  3979 | D:3      | Reached skill level 1 in Evocations
  3979 | D:3      | Reached XP level 6. HP: 24/34 MP: 6/17
  4053 | D:4      | Noticed Ijyb
  4171 | D:3      | Killed Ijyb
  4172 | D:3      | Reached skill level 7 in Spellcasting
  4347 | D:4      | Found a blossoming altar of Fedhas.
  4472 | D:4      | Noticed Dowan
  4475 | D:4      | Noticed Duvessa
  4484 | D:4      | Killed Dowan
  4503 | D:4      | Killed Duvessa
  4504 | D:4      | Reached XP level 7. HP: 38/38 MP: 5/20
  4692 | D:4      | Reached skill level 8 in Spellcasting
  5136 | D:4      | You fall into a shaft and drop 1 floor!
  5136 | D:5      | Entered Level 5 of the Dungeon
  5196 | D:5      | Reached skill level 1 in Necromancy
  5487 | D:5      | Noticed Edmund
  5510 | D:5      | Killed Edmund
  5511 | D:5      | Reached skill level 9 in Spellcasting
  5511 | D:5      | Reached XP level 8. HP: 17/44 MP: 9/23
  5530 | D:5      | HP: 2/44 [white imp (4)]
  5530 | D:5      | Slain by a white imp

Illustrated notes

Levels and vault maps discovered:
D:1:      minmay_arrival_plants_in_alcoves, layout_basic, minmay_box_of_dots
D:2:      minmay_chambers_of_twos, layout_rooms, basic_altar
D:3:      layout_loops_corners, grunt_decor_junction
D:4:      layout_basic, mainiacjoe_overflow_cross_hatched, uniq_ijyb,
          uniq_duvessa
D:5:      layout_basic, minmay_temple_entry_statues_pillars, uniq_edmund,
          uniq_grinder

Skill      XL: |  1  2  3  4  5  6  7 |
---------------+----------------------+-----
Spellcasting   | 5 6 7 9 |  9.1
Armour         | 1 |  1.7
Fighting       | 1 2 |  2.0
Conjurations   | 2 3 4 |  4.7
Dodging        | 3 |  3.0
Stealth        | 3 |  3.0
Poison Magic   | 1 |  1.0
Air Magic      | 1 2 |  2.0
Evocations     | 1 2 |  2.0
Necromancy     | 2 |  2.0
Summonings     | |  1.1
Translocations | |  1.1

Action                     |  1- 3 |  4- 6 |  7- 9 || total
---------------------------+-------+-------+-------++-------
  Melee: Dagger            |    11 |    29 |    37 ||    77
         Short sword       |       |    11 |       ||    11
         Punch             |       |     1 |     3 ||     4
   Cast: Magic Dart        |    95 |   182 |    28 ||   305
         Call Imp          |       |     5 |     3 ||     8
         Mephitic Cloud    |       |    10 |    14 ||    24
         Blink             |       |     1 |     1 ||     2
    Use: Potion            |       |     1 |       ||     1
   Stab: Sleeping          |     1 |       |       ||     1
         Confused          |       |     1 |     7 ||     8
 Armour: Robe              |     6 |    17 |     3 ||    26
  Dodge: Dodged            |    11 |    39 |    18 ||    68

Table legend: (Time is in decaauts)
 A = Elapsed time spent in this place.
 B = Non-inter-level travel time spent in this place.
 C = Inter-level travel time spent in this place.
 D = Time resting spent in this place.
 E = Time spent auto-exploring this place.
 F = Levels seen in this place.
 G = Mean time per level.
                   A        B        C        D        E       F      G
               +--------+--------+--------+--------+--------+-----+--------+
         Total |   5528 |   5461 |     67 |     74 |   4576 |   5 | 1105.6 |
       Dungeon |   5528 |   5461 |     67 |     74 |   4576 |   5 | 1105.6 |
               +--------+--------+--------+--------+--------+-----+--------+

Top non-repeatable levels by time:
     D:3: 1741 daAuts
     D:2: 1350 daAuts
     D:1: 1175 daAuts
     D:4: 867 daAuts
     D:5: 393 daAuts
